 Dungeon Crawl Stone Soup version 0.24-a0-479-g9a978d2894 (webtiles) character file.

Game seed: 11077725151523342942

9858 Sodenhack the Grappler (level 11, -11/98 HPs)
             Began as a Troll Fighter on July 8, 2019.
             Was a High Priest of Okawaru.
             Mangled by a two-headed ogre
             ... wielding a +0 giant club
              (14 damage)
             ... on level 11 of the Dungeon.
             The game lasted 01:22:14 (9572 turns).

Sodenhack the Grappler (Troll Fighter)              Turns: 9572, Time: 01:22:15

Health: -11/98     AC:  8    Str: 29    XL:     11   Next: 28%
Magic:  10/10      EV: 12    Int:  4    God:    Okawaru [*****.]
Gold:   203        SH: 10    Dex:  9    Spells: 10/10 levels left

rFire    + . .     SeeInvis .     - Unarmed
rCold    . . .     Gourm    +   b - +0 shield
rNeg     . . .     Faith    .   a - +1 robe
rPois    +         Spirit   .   (helmet restricted)
rElec    .         Reflect  .   E - +0 cloak {rPois}
rCorr    .         Harm     .   (gloves unavailable)
MR       .....                  (boots unavailable)
Stlth    ++........             (no amulet)
HPRegen  0.66/turn              t - ring of protection from fire
MPRegen  0.12/turn              (no ring)

@: no status effects
A: large, unfitting armour, claws 3, fast metabolism 3, gourmand, regeneration
1, shaggy fur 1, tough skin 3
a: Heroism, Finesse, Renounce Religion


You were on level 11 of the Dungeon.
You worshipped Okawaru.
Okawaru was extremely pleased with you.
You were full.

You visited 2 branches of the dungeon, and saw 12 of its levels.

You collected 544 gold pieces.
You spent 341 gold pieces at shops.

Inventory:

Hand Weapons
 u - a +0 short sword of venom
Missiles
 l - 31 sling bullets
 n - 435 stones (quivered)
 o - 101 bolts
Armour
 a - a +1 robe (worn)
 b - a +0 shield (worn)
 E - a +0 cloak of poison resistance (worn)
Jewellery
 t - a ring of protection from fire (left claw)
Wands
 j - a wand of flame (35)
 y - a wand of scattershot (4)
 B - a wand of random effects (16)
 F - a wand of disintegration (17)
 I - a wand of digging (6)
 M - a wand of clouds (6)
Scrolls
 h - a scroll of enchant weapon
 i - 8 scrolls of remove curse
 p - 3 scrolls of enchant armour
 r - 2 scrolls of immolation
 v - 6 scrolls of teleportation
 w - a scroll of amnesia
 A - 7 scrolls of identify
 G - a scroll of fog {unknown}
 H - a scroll of vulnerability {unknown}
 J - a scroll of random uselessness {unknown}
 K - a scroll of blinking {unknown}
 L - a scroll of fear {unknown}
Potions
 c - a potion of might
 e - 5 potions of heal wounds
 f - 2 potions of resistance
 g - a potion of agility {unknown}
 k - 4 potions of curing {unknown}
 m - 5 potions of degeneration
 q - 3 potions of lignification
 s - a potion of brilliance
 x - a potion of berserk rage {unknown}
 z - a potion of magic
 C - a potion of ambrosia {unknown}
 D - a potion of invisibility {unknown}
Comestibles
 d - 33 rations


   Skills:
 + Level 3.6 Fighting
 + Level 1.2 Throwing
 + Level 6.9 Dodging
 + Level 1.8 Stealth
 + Level 6.7 Shields
 + Level 13.0 Unarmed Combat
 + Level 1.2 Invocations


You had 10 spell levels left.
You didn't know any spells.
Your spell library contained the following spells:

 Spells                   Type           Power        Failure   Level  Hunger
 Freeze                   Ice            #...         67%         1    ##.....
 Throw Frost              Conj/Ice       #.....       80%         2    ###....
 Ozocubu's Armour         Chrm/Ice       #.......     95%         3    ####...
 Summon Ice Beast         Ice/Summ       #.......     100%        4    #####..
 Throw Icicle             Conj/Ice       #.......     100%        4    #####..


Dungeon Overview and Level Annotations

Branches:
Dungeon (11/15)            Temple (1/1) D:7             Orc (0/2) D:9
   Lair: D:8-11

Altars:
Ashenzari
Cheibriados
Dithmenos
Elyvilon
Fedhas
Gozag
Kikubaaqudgha
Nemelex Xobeh
Okawaru
Ru
Trog
Wu Jian
Yredelemnul
Zin

Shops:
D:6 ?   D:7 [   D:9 %

Annotations:
D:6 exclusion: oklob plant


Innate Abilities, Weirdness & Mutations

You are too large for most types of armour.
You have claws for hands.
Your metabolism is lightning-fast.
You like to eat raw meat.
Your natural rate of healing is unusually fast.
You are covered in fur. (AC +1)
You have extremely tough skin. (AC +3)


Message History

The eight-headed hydra bites you!
You block the eight-headed hydra's attack.
The eight-headed hydra bites you but does no damage.
The eight-headed hydra bites you.
The eight-headed hydra completely misses you.
The eight-headed hydra bites you! x2; The eight-headed hydra bites you.
The eight-headed hydra bites you!
* * * LOW HITPOINT WARNING * * *
The eight-headed hydra bites you!
* * * LOW HITPOINT WARNING * * *
The eight-headed hydra bites you.
* * * LOW HITPOINT WARNING * * *
You block the eight-headed hydra's attack. x2
The eight-headed hydra barely misses you.
The eight-headed hydra bites you but does no damage.
The eight-headed hydra bites you.
* * * LOW HITPOINT WARNING * * *
The two-headed ogre barely misses you.
The two-headed ogre hits you with a +0 giant spiked club!
You die...

#.#.# #.# # #.#
#.# #.# #.#
##### #.# #.#
.....
#.####.....
##### #[O@D...#
#..........$..
#.##.####.#.#..
#. .# # #. . #.
#. .. ##
#######.


You could see an eight-headed hydra and a two-headed ogre.

Vanquished Creatures
  An ugly thing (D:11)
  3 kobold demonologists (D:10)
  A troll (D:10)
  Grinder (D:6)
  2 hippogriffs (D:9)
  4 wraiths (D:11)
  15 yaks
  A water moccasin (D:9)
  Edmund (D:6)
  3 ice beasts
  5 orc warriors
  10 ogres
  2 centaurs (D:9)
  4 big kobolds
  5 bullfrogs
  A wyvern skeleton (D:8)
  5 scorpions
  3 howler monkeys
  4 crimson imps
  3 bullfrog zombies
  A centaur zombie (D:6)
  A quasit (D:8)
  8 jellies
  2 bullfrog skeletons
  5 hounds
  4 orc priests
  3 centaur skeletons
  5 iguanas
  8 orc wizards
  5 worker ants
  Natasha (thrice) (D:2)
  A hound zombie (D:5)
  2 hound skeletons
  A howler monkey zombie (D:5)
  Robin (D:2)
  A worker ant zombie (D:8)
  7 gnolls
  11 adders
  4 river rats (D:7)
  A shadow imp (D:9)
  6 oozes
  2 adder skeletons
  5 worms
  4 dart slugs
  3 leopard geckos
  32 orcs
  7 bats
  6 giant cockroaches
  11 goblins
  12 hobgoblins
  13 jackals
  7 quokkas
  A ball python (D:2)
  2 frilled lizards (D:1)
  22 kobolds
  2 quokka skeletons
  15 rats
298 creatures vanquished.

Vanquished Creatures (others)
  A plant (D:7)
1 creature vanquished.

Grand Total: 299 creatures vanquished

Notes
Turn   | Place    | Note
-------+----------+-------------------------------------------
     0 | D:1      | Sodenhack the Troll Fighter began the quest for the Orb.
     0 | D:1      | Reached XP level 1. HP: 22/22 MP: 0/0
   353 | D:1      | Reached XP level 2. HP: 27/29 MP: 1/1
   867 | D:2      | Noticed Robin
   885 | D:2      | Reached XP level 3. HP: 18/36 MP: 2/2
   889 | D:2      | Killed Robin
  1375 | D:2      | Noticed Natasha
  1381 | D:2      | Killed Natasha
  1381 | D:2      | Reached skill level 3 in Unarmed Combat
  1381 | D:2      | Reached XP level 4. HP: 44/44 MP: 3/3
  1607 | D:2      | Noticed Natasha
  1619 | D:2      | Killed Natasha
  1619 | D:2      | Reached XP level 5. HP: 47/52 MP: 4/4
  1867 | D:2      | Noticed Natasha
  1873 | D:2      | Killed Natasha
  2042 | D:3      | Reached skill level 4 in Unarmed Combat
  2304 | D:3      | Reached XP level 6. HP: 53/59 MP: 5/5
  2790 | D:4      | Reached skill level 5 in Unarmed Combat
  2972 | D:4      | Reached XP level 7. HP: 58/67 MP: 6/6
  3173 | D:4      | Found an iron altar of Okawaru.
  3186 | D:4      | Became a worshipper of Warmaster Okawaru
  3224 | D:4      | Found a white marble altar of Elyvilon.
  3529 | D:5      | Entered Level 5 of the Dungeon
  3557 | D:5      | Reached skill level 6 in Unarmed Combat
  3610 | D:5      | Found an ornate altar of the Wu Jian Council.
  3751 | D:5      | Found an opulent altar of Gozag.
  4009 | D:5      | Reached * piety under Okawaru
  4104 | D:5      | Found a shattered altar of Ashenzari.
  4177 | D:5      | Got a smoking sapphire amulet
  4303 | D:6      | Noticed Edmund
  4373 | D:6      | Killed Edmund
  4373 | D:6      | Reached XP level 8. HP: 67/75 MP: 7/7
  4476 | D:6      | Reached skill level 7 in Unarmed Combat
  4608 | D:6      | Reached skill level 1 in Stealth
  4759 | D:6      | Found Wyxte's Magic Scroll Boutique.
  4784 | D:6      | Bought a scroll of identify for 22 gold pieces
  4784 | D:6      | Bought a scroll of remove curse for 33 gold pieces
  4784 | D:6      | Bought a scroll of remove curse for 33 gold pieces
  4784 | D:6      | Bought a scroll of enchant armour for 82 gold pieces
  4784 | D:6      | Bought a scroll of identify for 22 gold pieces
  4784 | D:6      | Bought a scroll of identify for 22 gold pieces
  4798 | D:6      | Found an opulent altar of Gozag.
  4798 | D:6      | Noticed an oklob plant
  5018 | D:6      | Reached skill level 8 in Unarmed Combat
  5109 | D:6      | Noticed Grinder
  5116 | D:6      | Paralysed by Grinder for 6 turns
  5125 | D:6      | Killed Grinder
  5125 | D:6      | Reached ** piety under Okawaru
  5443 | D:6      | Reached skill level 1 in Throwing
  5443 | D:6      | Reached XP level 9. HP: 83/83 MP: 8/8
  5549 | D:7      | Reached skill level 9 in Unarmed Combat
  5877 | D:7      | Found Kuxiar's Armour Shoppe.
  5880 | D:7      | Bought a +0 cloak of poison resistance for 127 gold pieces
  5913 | D:7      | Found a staircase to the Ecumenical Temple.
  5930 | Temple   | Entered the Ecumenical Temple
  6040 | D:7      | Reached skill level 5 in Dodging
  6572 | D:8      | Reached *** piety under Okawaru
  6743 | D:8      | Reached skill level 10 in Unarmed Combat
  6951 | D:8      | Reached skill level 5 in Shields
  7187 | D:8      | Reached **** piety under Okawaru
  7250 | D:8      | Noticed a moth of wrath
  7252 | D:8      | Found a bloodstained altar of Trog.
  7665 | D:9      | Found a blossoming altar of Fedhas.
  7725 | D:9      | Found a sacrificial altar of Ru.
  7735 | D:9      | Found Doceg's Food Shop.
  7822 | D:9      | Reached XP level 10. HP: 76/91 MP: 9/9
  7884 | D:9      | Found a shadowy altar of Dithmenos.
  7932 | D:9      | Received a gift from Okawaru
  7938 | D:9      | Found a staircase to the Orcish Mines.
  7982 | D:9      | Reached skill level 11 in Unarmed Combat
  8331 | D:10     | Entered Level 10 of the Dungeon
  8683 | D:10     | Reached skill level 12 in Unarmed Combat
  8746 | D:10     | Reached ***** piety under Okawaru
  8746 | D:10     | Noticed a rust devil
  8752 | D:10     | Reached skill level 1 in Invocations
  8811 | D:10     | Found a sparkling altar of Nemelex Xobeh.
  8961 | D:10     | Reached XP level 11. HP: 97/97 MP: 10/10
  9395 | D:11     | Noticed a two-headed ogre
  9539 | D:11     | Noticed a red ugly thing
  9546 | D:11     | Killed a red ugly thing
  9555 | D:11     | Reached skill level 13 in Unarmed Combat
  9566 | D:11     | Noticed an eight-headed hydra
  9572 | D:11     | HP: 4/98 [eight-headed hydra (4)]
  9572 | D:11     | Mangled by a two-headed ogre

Levels and vault maps discovered:
D:1:      matt_arrival_los_fun, layout_basic
D:2:      layout_basic, interstate_on_off, st_stairs_10, minmay_small_reverse_x,
          uniq_natasha, uniq_robin
D:3:      layout_rooms, minmay_misc_feat_alley, minmay_crystal_room
D:4:      layout_gridville, okawaru_gym_becter, overflow_temple_1_default,
          first_ration, amethyst_killhole
D:5:      layout_basic, nicolae_overflow_crystal_walls, grunt_gozag_statues,
          lemuel_coloured_pillars_altar
D:6:      layout_loops_ring, serial_shops, shop, lemuel_oklob_altar,
          uniq_edmund, uniq_grinder
D:7:      wad_woods_tower, layout_basic, minmay_temple_entry_waves,
          serial_shops, kennysheep_mini_moat, minmay_bent
D:8:      layout_cave_pods, tgw_trog, serial_bayou_pond_d,
          hangedman_little_slice_of_home, minmay_misc_feat_roman
D:9:      layout_rooms, kennysheep_mini, hangedman_ru_absence,
          lemuel_round_altar, david_orc_3, serial_shops,
          nicolae_shop_temple_entry_statues_fountains
D:10:     layout_basic, nemelex_altar_shiori
D:11:     layout_loops_ring, lair_entry_dummy, uniq_josephine
Temple:   nicolae_temple_figure_eight

Skill      XL: |  1  2  3  4  5  6  7  8  9 10 11 |
---------------+----------------------------------+-----
Shields        | 3 4 5 6 |  6.7
Unarmed Combat | 3 4 5 6 8 10 12 13 | 13.0
Dodging        | 3 4 6 |  6.9
Fighting       | 3 |  3.6
Stealth        | 1 |  1.8
Throwing       | 1 |  1.2
Invocations    | 1 |  1.2

Action                   |  1- 3 |  4- 6 |  7- 9 | 10-12 || total
-------------------------+-------+-------+-------+-------++-------
Melee: Unarmed           |   127 |   175 |   378 |   229 ||   909
Throw: Stone             |       |       |    20 |     3 ||    23
Invok: Heroism           |       |       |     4 |     5 ||     9
       Finesse           |       |       |       |     1 ||     1
  Use: Scroll            |       |     5 |     9 |     1 ||    15
 Stab: Sleeping          |       |     1 |     2 |     1 ||     4
  Eat: Chunk             |    18 |    15 |    44 |    14 ||    91
Armor: Robe              |    34 |    36 |    58 |    31 ||   159
Dodge: Dodged            |    34 |    39 |    94 |    64 ||   231
Block: Shield            |    57 |    55 |   126 |   102 ||   340

Table legend:
 A = Non-vault XP
 B = Vault XP
 C = Vault XP percentage of total XP
 D = Non-vault monster count
 E = Vault monster count
 F = Vault count percentage of total count
                 A         B        C        D         E       F
            +---------+---------+-------+---------+---------+-------
      Total |   11924 |    2159 |  15.3 |     241 |      57 |  19.1
            +---------+---------+-------+---------+---------+-------
        D:1 |      29 |       0 |   0.0 |      19 |       0 |   0.0
        D:2 |     154 |      82 |  34.7 |      23 |      21 |  47.7
        D:3 |     126 |       0 |   0.0 |      23 |       0 |   0.0
        D:4 |     642 |       0 |   0.0 |      22 |       0 |   0.0
        D:5 |     294 |       0 |   0.0 |      19 |       0 |   0.0
        D:6 |    1077 |     425 |  28.3 |      31 |       2 |   6.1
        D:7 |     500 |     447 |  47.2 |      15 |      11 |  42.3
        D:8 |    1199 |     174 |  12.7 |      25 |      13 |  34.2
        D:9 |    2891 |     215 |   6.9 |      31 |       6 |  16.2
       D:10 |    2811 |       0 |   0.0 |      21 |       0 |   0.0
       D:11 |    2201 |     816 |  27.0 |      12 |       4 |  25.0
            +---------+---------+-------+---------+---------+-------
